 Dungeon Crawl Stone Soup version 0.21-a0-528-gf531e82 (webtiles) character file.

39 Gerstahl the Conjurer (level 3, 0/24 HPs)
             Began as a Demonspawn Conjurer on Dec 8, 2017.
             Slain by Robin
             ... wielding a +0 mace
              (5 damage)
             ... on level 2 of the Dungeon.
             The game lasted 00:03:53 (1636 turns).

Gerstahl the Conjurer (Demonspawn Conjurer)         Turns: 1636, Time: 00:03:54

Health: 0/24       AC:  2    Str:  8    XL:     3   Next: 26%
Magic:  0/7        EV: 12    Int: 17    God:
Gold:   125        SH:  4    Dex: 13    Spells: 4/7 levels left

rFire    . . .     SeeInvis .   (no weapon)
rCold    . . .     Gourm    .   (no shield)
rNeg     . . .     Faith    .   a - +0 robe
rPois    .         Spirit   .   (no helmet)
rElec    .         Reflect  .   (no cloak)
rCorr    .         Harm     .   (no gloves)
MR       .....                  (no boots)
Stlth    ++........             (no amulet)
HPRegen  0.08/turn              (no ring)
MPRegen  0.10/turn              (no ring)

@: no status effects
A: large bone plates 1, powered by death 1
a: no special abilities


You were on level 2 of the Dungeon.
You were hungry.

You visited 1 branch of the dungeon, and saw 2 of its levels.

You collected 125 gold pieces.

Inventory:

Armour
 a - a +0 robe (worn)
Scrolls
 e - a scroll of enchant weapon {unknown}
Potions
 f - a potion of ambrosia {unknown}
 h - a potion of curing {unknown}
 i - a potion of resistance {unknown}
 j - a potion of heal wounds {unknown}
Books
 b - a book of Conjurations

   Spells                             Type                      Level
   a - Magic Dart                     Conjuration                  1
   b - Searing Ray                    Conjuration                  2
   c - Dazzling Spray                 Conjuration/Hexes            3
   d - Fulminant Prism                Conjuration/Hexes            4
   e - Force Lance                    Conjuration/Translocation    4
   f - Iskenderun's Mystic Blast      Conjuration                  4
Comestibles
 c - a bread ration
 d - 2 meat rations
 g - 3 fruits
 k - a royal jelly


   Skills:
 - Level 1.7 Dodging
 - Level 1.7 Stealth
 + Level 2.8 Spellcasting
 + Level 4.6 Conjurations


You had 4 spell levels left.
You knew the following spells:

 Your Spells              Type           Power        Failure   Level  Hunger
a - Magic Dart            Conj           ###.         2%          1    #......
b - Searing Ray           Conj           ###...       4%          2    ##.....


Dungeon Overview and Level Annotations

Branches:
Dungeon (2/15)

Altars:
Dithmenos
Qazlal

Annotations:
D:2 Robin


Innate Abilities, Weirdness & Mutations

You are partially covered in large bone plates. (SH +4)
You regenerate a little health from kills.


Message History

You hit Robin but do no damage.
Robin is almost dead.
The goblin no longer looks unusually strong.
Robin roars a battlecry!
The goblin goes into a battle-frenzy!
The goblin completely misses you.
You hear a shout!
You hit Robin but do no damage.
Robin is almost dead.
Robin barely misses you. The goblin hits you with a club.
* * * LOW HITPOINT WARNING * * *
Casting: Magic Dart
Confirm with . or Enter, or press ? or * to list all spells.
Aiming: Magic Dart
Press: ? - help, Shift-Dir - straight line, f/p - Robin
Aim: Robin, wielding a mace, wearing an animal skin and wearing a helmet (almost dead)
The magic dart hits Robin.
Robin is almost dead.
Robin hits you with a mace.
You die...

##############.#
######### #.#
#.......# #.###
##.#####.# #.#..
#......#.# #.#)#
#.####.#.#####)#)#
#.###..........#.#
....##.#.#######g#
....#.....<...##@#
._......#####.##g#
....##..# #.##.#
...ยง##..# #....#
#.####..# ######
..# #..# .#####..#
.........
.........


You could see Robin and a goblin.

Vanquished Creatures
  A worm (D:2)
  A dart slug (D:1)
  2 leopard geckos (D:2)
  A ball python (D:2)
  5 bats (D:1)
  A giant cockroach (D:1)
  8 goblins
  2 hobgoblins (D:1)
  A quokka (D:2)
  2 frilled lizards
  3 kobolds (D:1)
  4 rats
31 creatures vanquished.

Notes
Turn   | Place    | Note
-------+----------+-------------------------------------------
     0 | D:1      | Gerstahl the Demonspawn Conjurer began the quest for the Orb.
     0 | D:1      | Reached XP level 1. HP: 13/13 MP: 3/3
   516 | D:1      | Gained mutation: You are partially covered in large bone plates. (SH +4) [demonic ancestry]
   516 | D:1      | Reached XP level 2. HP: 19/19 MP: 3/5
   977 | D:2      | Found a stormy altar of Qazlal.
  1055 | D:2      | Found a shadowy altar of Dithmenos.
  1056 | D:2      | Gained mutation: You regenerate a little health from kills. [demonic ancestry]
  1056 | D:2      | Reached XP level 3. HP: 24/24 MP: 2/7
  1567 | D:2      | Learned a level 2 spell: Searing Ray
  1620 | D:2      | Noticed Robin
  1636 | D:2      | Slain by Robin

Vault maps used:
D:1:      nicolae_arrival_washed_ashore
D:2:      grunt_qazlal_clouds, lemuel_round_altar, grunt_decor_resistance,
          uniq_robin

Action                   || total
-------------------------++-------
Melee: Unarmed           ||    28
 Cast: Magic Dart        ||    72
       Searing Ray       ||     1
  Eat: Chunk             ||     2
Armor: Robe              ||     8
Dodge: Dodged            ||    18
Block: Other             ||     6

Table legend:
 A = Spawn XP
 B = Non-spawn XP
 C = Spawn XP percentage of total XP
 D = Spawn monster count
 E = Non-spawn monster count
 F = Spawn count percentage of total count
 G = Total turns spent on level
                    A         B        C        D         E        F      G
               +---------+---------+-------+---------+---------+-------+---------
         Total |       0 |      56 |   0.0 |       0 |      31 |   0.0 |  1636
               +---------+---------+-------+---------+---------+-------+---------
           D:1 |       0 |      33 |   0.0 |       0 |      20 |   0.0 |   975
           D:2 |       0 |      23 |   0.0 |       0 |      11 |   0.0 |   661
               +---------+---------+-------+---------+---------+-------+---------
